Map: Kairos Junction LE

Players

soul

  • Race: Terran Terran
  • League: Grandmaster
  • Spawn Location: 5:00

HeroMarine - Winner!

  • Race: Terran Terran
  • League: Master
  • Spawn Location: 11:00

Event: HomeStory Cup XIX

VOD

Have the link to the VOD?

Description

Time

  • Played on: June 28, 2019, 11:40 a.m.
  • Length: 7:05

All games in this series

Show
View Real Time Build Order
Export as new Build Order

soul Terran 

Build Orders:  

Get SALT Encoding   

  12  0:00  SCV  
  13  0:13  Supply Depot  
  13  0:18  SCV  
  14  0:36  Barracks  
  14  0:40  Refinery  
  14  0:54  Barracks  
  14  0:59  SCV  
  15  1:11  SCV  
  16  1:23  Reaper  
  17  1:26  Orbital Command  
  17  1:38  Refinery  
  17  1:41  Reaper  
  18  1:51  Supply Depot  
  18  1:54  SCV  
  19  2:00  Reaper  
  20  2:06  SCV  
  21  2:14  Reaper  
  22  2:18  SCV  
  23  2:30  SCV  
  23  2:35  Factory  
  24  2:40  Reaper  
  24  2:42  SCV  
  25  2:53  Reaper  
  25  2:54  SCV  
  27  3:04  Supply Depot  
  27  3:06  SCV  
  27  3:12  Reaper  
  29  3:18  Hellion  
  31  3:20  Starport  
  31  3:25  SCV  
  32  3:31  Supply Depot  
  32  3:37  SCV  
  33  3:42  Factory Tech Lab  
  33  3:44  Command Center  
  33  3:50  SCV  
  34  3:57  Refinery  
  34  3:58  Starport Tech Lab  
  34  4:01  Cyclone  
  37  4:04  SCV  
  38  4:16  SCV  
  39  4:20  Raven  
  41  4:28  SCV  
  42  4:35  Supply Depot  
  42  4:40  SCV  
  42  4:42  Cyclone  
  46  4:52  SCV  
  47  4:55  Orbital Command  
  47  4:59  Barracks Reactor  
  47  5:05  SCV  
  47  5:07  Command Center  
  41  5:17  SCV  
  41  5:18  Raven  
  41  5:21  SCV  
  44  5:29  SCV  
  44  5:31  Siege Tank  
  44  5:33  SCV  
  44  5:34  Supply Depot  
  49  5:37  Marine x2  
  49  5:41  SCV  
  52  5:43  Refinery  
  52  5:45  SCV  
  53  5:53  SCV  
  53  5:56  Marine, Supply Depot  
  53  5:57  Marine, SCV  
  56  6:05  SCV  
  56  6:08  Siege Tank  
  56  6:09  SCV  
  61  6:12  Raven  
  61  6:13  Marine  
  61  6:18  SCV  
  65  6:19  Supply Depot  
  65  6:21  Barracks x2, SCV  
  66  6:30  SCV  
  65  6:33  SCV  
  65  6:39  Engineering Bay  
  64  6:40  Engineering Bay  
  64  6:42  Marine x2, SCV  
  64  6:45  SCV  
  64  6:46  Command Center  
  67  6:53  Supply Depot  
Show
View Real Time Build Order
Export as new Build Order

HeroMarine Terran - Winner!

Build Orders:  

Get SALT Encoding   

  12  0:00  SCV  
  13  0:12  SCV  
  14  0:17  Supply Depot  
  14  0:25  SCV  
  15  0:29  Refinery  
  15  0:38  SCV  
  16  0:44  Barracks  
  16  0:50  SCV  
  16  0:54  Refinery  
  17  1:02  SCV  
  18  1:15  SCV  
  19  1:31  Orbital Command, Reaper  
  20  1:34  Factory  
  20  1:42  Supply Depot  
  20  1:56  SCV  
  21  2:03  Reaper  
  22  2:08  SCV  
  23  2:18  Hellion  
  23  2:21  SCV  
  26  2:33  SCV  
  26  2:35  Starport, Reaper  
  26  2:36  Supply Depot  
  27  2:40  Hellion  
  29  2:45  SCV  
  30  2:57  SCV  
  31  3:01  Hellion  
  33  3:09  Barracks Tech Lab  
  33  3:10  SCV  
  34  3:14  Command Center  
  34  3:22  SCV  
  34  3:24  Supply Depot  
  34  3:26  Factory Tech Lab  
  35  3:34  SCV  
  35  3:38  Marine  
  35  3:39  Raven  
  39  3:46  SCV, Cyclone  
  43  3:55  Marine  
  43  3:58  SCV  
  45  4:07  Refinery  
  45  4:11  SCV  
  45  4:13  Marine  
  47  4:26  SCV, Cyclone  
  51  4:31  Raven  
  51  4:38  SCV  
  55  4:41  Orbital Command  
  55  4:43  Barracks Reactor  
  54  4:50  Command Center, SCV  
  55  5:02  SCV  
  55  5:03  Siege Tank  
  51  5:15  SCV  
  51  5:18  SCV  
  53  5:21  Supply Depot  
  54  5:29  Viking x2  
  54  5:30  Marine  
  54  5:34  Supply Depot  
  54  5:35  Siege Tank, SCV  
  62  5:43  SCV  
  62  5:46  Refinery  
  62  5:48  Marine, SCV  
  65  5:55  SCV  
  66  5:59  Viking x2  
  66  6:00  SCV  
  66  6:03  Orbital Command  
  71  6:06  Marine  
  71  6:07  SCV  
  72  6:12  Siege Tank, SCV  
  76  6:19  SCV  
  76  6:23  Marine  
  76  6:24  SCV  
  79  6:29  Viking  
  79  6:31  SCV  
  82  6:36  SCV  
  82  6:39  SCV  
  84  6:40  Barracks x2  
  84  6:41  Marine  
  84  6:43  SCV  
  88  6:48  SCV  
  88  6:51  SCV  
  88  6:53  Supply Depot  
Tags
 
Add a new tag
Caveats
  • Supply blocks, unpowered buildings, or Contaminate may cause inaccurate times.
  • Supply counts are checked every 10 seconds.